 Dungeon Crawl Stone Soup version 0.29.0-4-gdea44cf6ec (webtiles) character file.

Game seed: 9024959554308493910

37 qw the Chopper (level 3, -1/21 HPs)
             Began as a Tengu Warper on Aug 28, 2022.
             Slain by Sigmund
             ... wielding a +0 scythe
              (4 damage)
             ... on level 2 of the Dungeon.
             The game lasted 00:00:06 (1537 turns).

qw the Chopper (Tengu Warper)                       Turns: 1537, Time: 00:00:06

Health: -1/21      AC:  8    Str: 13    XL:     3   Next: 41%
Magic:  7/7        EV:  6    Int: 13    God:
Gold:   120        SH:  0    Dex: 13    Spells: 6/6 levels left

rFire   . . .      SeeInvis .   Y - +0 hand axe
rCold   . . .      Faith    .   (no shield)
rNeg    . . .      Spirit   .   e - +0 chain mail
rPois   .          Reflect  .   (helmet restricted)
rElec   .          Harm     .   (no cloak)
rCorr   .          Rampage  .   (no gloves)
Will    .....                   (boots unavailable)
Stlth   ..........              (no amulet)
HPRegen 0.07/turn               (no ring)
MPRegen 0.10/turn               (no ring)

@: no status effects
A: beak, talons 3
a: no special abilities


You were on level 2 of the Dungeon.
You visited 1 branch of the dungeon, and saw 2 of its levels.

You collected 120 gold pieces.


Innate Abilities, Weirdness & Mutations

You have a beak for a mouth.
You have claws for feet.


   Skills:
 - Level 2.0 Fighting
 + Level 4.1 Axes
 - Level 1.0 Throwing
 - Level 1.1 Armour
 - Level 2.1 Dodging
 - Level 2.0 Spellcasting
 - Level 2.4 Translocations


You had 6 spell levels left.
You didn't know any spells.
Your spell library contained the following spells:

 Spells                   Type           Power      Damage    Failure   Level
 Blink                    Tloc           14%        N/A       99%         2
 Gell's Gravitas          Tloc           7%         N/A       100%        3
 Lesser Beckoning         Tloc           7%         N/A       100%        3
 Teleport Other           Tloc           7%         N/A       100%        3
 Manifold Assault         Tloc           7%         N/A       100%        5

Inventory:

Hand Weapons
 Y - a +0 hand axe (weapon)
Armour
 e - a +0 chain mail (worn)
Scrolls
 a - a scroll of identify
Potions
 g - a potion of cancellation {unknown}

Dungeon Overview and Level Annotations

Branches:
Dungeon (2/15)

Altars:

Annotations:
D:2 Sigmund


Message History

The goblin hits you but does no damage.
You hit the goblin but do no damage. Your kick misses the goblin.
The goblin is moderately wounded.
The goblin hits you but does no damage.
You closely miss the goblin. Your kick misses the goblin.
The goblin is moderately wounded.
The goblin closely misses you.
You closely miss the goblin. You peck the goblin.
You kill the goblin!
Things that are here:
a +0 dagger; a goblin corpse Sigmund the Dreaded comes into view.
He is wielding a +0 scythe.
Sigmund gestures at you while chanting. The puff of flame hits you!
Sigmund mumbles some strange words.
Sigmund flickers and vanishes!
Deactivating autopickup; reactivate with Ctrl-A.
You swing at nothing.
Something hits you!
You swing at nothing.
Something hits you but does no damage.
You swing at nothing.
You hear some strange, mumbled words.
You are confused.
1530 ||| DRINKING potion of curing.
You feel better.
1530 ||| (to cure confusion)
Something hits you.
You swing at nothing.
You swing at nothing.
Something hits you.
You swing at nothing.
Something hits you.
You swing at nothing.
You swing at nothing.
Something hits you but does no damage.
You swing at nothing.
Something hits you but does no damage.
You swing at nothing.
Something hits you.
You die...

##...## #.## ##.##
#.#.## #.# #.###.## #.#
#.# ##.## ##'## #.# ##.#
##...## ## ##.## #>.<..#
##.## #..%....# #.#..#
.........# #...@#
....[....+..............
.........####..{....####
#.....^.## ##.#.##.#
##.....## #.#.# .#
##...## #.#.# # #.#.#
#.#


There were no monsters in sight!

Vanquished Creatures
  2 dart slugs (D:1)
  7 ball pythons (D:1)
  3 endoplasms (D:1)
  A giant cockroach (D:1)
  3 goblins
  5 hobgoblins (D:1)
  A quokka (D:1)
  4 bats
  4 kobolds (D:1)
30 creatures vanquished.

Vanquished Creatures (others)
  2 plants (D:1)
2 creatures vanquished.

Grand Total: 32 creatures vanquished

Notes
Turn   | Place    | Note
-------+----------+-------------------------------------------
     0 | D:1      | qw the Tengu Warper began the quest for the Orb.
     0 | D:1      | Reached XP level 1. HP: 12/12 MP: 4/4
     0 | D:1      | 0 ||| qw: Version: 0.1-a-89-g26bdef1
     0 | D:1      | 0 ||| qw: Game counter: 1772
     0 | D:1      | 0 ||| qw: Always use a shield: true
     0 | D:1      | 0 ||| qw: God list: Okawaru
     0 | D:1      | 0 ||| qw: Allow faded altars: false
     0 | D:1      | 0 ||| qw: Do Orc after D:15 true
     0 | D:1      | 0 ||| qw: Do second Lair branch before Depths: true
     0 | D:1      | 0 ||| qw: Lair rune preference: random
     0 | D:1      | 0 ||| qw: Plans: Normal
     0 | D:1      | 0 ||| PLANNING D:1-11
   101 | D:1      | Reached XP level 2. HP: 12/17 MP: 6/6
   103 | D:1      | Reached skill level 3 in Axes
   374 | D:1      | 374 ||| Stepping ~*~*~tactically~*~*~ (hiding).
   551 | D:1      | 551 ||| Stepping ~*~*~tactically~*~*~ (stealth).
   555 | D:1      | 555 ||| Stepping ~*~*~tactically~*~*~ (stealth).
   556 | D:1      | 556 ||| Stepping ~*~*~tactically~*~*~ (stealth).
   563 | D:1      | 563 ||| Stepping ~*~*~tactically~*~*~ (stealth).
   580 | D:1      | 580 ||| Stepping ~*~*~tactically~*~*~ (stealth).
   591 | D:1      | 591 ||| Stepping ~*~*~tactically~*~*~ (stealth).
   592 | D:1      | 592 ||| Stepping ~*~*~tactically~*~*~ (stealth).
   818 | D:1      | Reached XP level 3. HP: 17/21 MP: 7/7
  1271 | D:1      | 1271 ||| Stepping ~*~*~tactically~*~*~ (stealth).
  1272 | D:1      | 1272 ||| Stepping ~*~*~tactically~*~*~ (stealth).
  1276 | D:1      | Reached skill level 4 in Axes
  1299 | D:1      | 1299 ||| Stepping ~*~*~tactically~*~*~ (stealth).
  1300 | D:1      | 1300 ||| Stepping ~*~*~tactically~*~*~ (stealth).
  1302 | D:1      | 1302 ||| Stepping ~*~*~tactically~*~*~ (stealth).
  1421 | D:1      | Found a faded altar of an unknown god.
  1458 | D:1      | 1458 ||| UPGRADING to +0 chain mail.
  1468 | D:1      | 1468 ||| DROPPING +0 leather armour.
  1469 | D:1      | 1469 ||| READING 3 scrolls labelled TARACV TAOHEB.
  1470 | D:1      | 1470 ||| READING scroll labelled OKUNYFO PUESIL.
  1471 | D:1      | 1471 ||| READING 2 scrolls of identify.
  1471 | D:1      | 1471 ||| IDENTIFYING metallic pink potion
  1472 | D:1      | 1472 ||| DROPPING scroll of blinking.
  1523 | D:2      | Noticed Sigmund
  1527 | D:2      | HP: 3/21 [something (9)]
  1530 | D:2      | 1530 ||| DRINKING potion of curing.
  1530 | D:2      | 1530 ||| (to cure confusion)
  1532 | D:2      | HP: 4/21 [something (4)]
  1537 | D:2      | Slain by Sigmund

Levels and vault maps discovered:
D:1:      elethiomel_arrival_infinity_welcomes_careful_drivers,
          layout_loops_ring, hellmonk_ecumenical_altar_inner_sanctum,
          minmay_shallow_snake_nest
D:2:      layout_loops_corners, basic_altar, uniq_terence, uniq_sigmund

Skill      XL: |  1  2  3 |
---------------+----------+-----
Axes           | 3 4 |  4.1
Fighting       | |  2.0
Throwing       | |  1.0
Armour         | |  1.1
Dodging        | |  2.1
Spellcasting   | |  2.0
Translocations | |  2.4

Action                   || total
-------------------------++-------
Melee: Hand axe          ||    61
       Kick              ||    15
       Peck              ||     7
Throw: Boomerang         ||     7
  Use: Scroll            ||     3
       Potion            ||     1
Armor: Leather armour    ||     9
       Chain mail        ||     6
Dodge: Dodged            ||    21

Table legend:
 A = Non-vault XP
 B = Vault XP
 C = Vault XP percentage of total XP
 D = Non-vault monster count
 E = Vault monster count
 F = Vault count percentage of total count
                 A         B        C        D         E       F
            +---------+---------+-------+---------+---------+-------
      Total |      48 |       6 |  11.1 |      26 |       4 |  13.3
            +---------+---------+-------+---------+---------+-------
        D:1 |      46 |       6 |  11.5 |      24 |       4 |  14.3
        D:2 |       2 |       0 |   0.0 |       2 |       0 |   0.0
            +---------+---------+-------+---------+---------+-------
